AoeStats
← Caribe

Hideout

509220286Analyzed
1v1 RM · 6d ago on Sep 25, 2026· 29m 26s· 2 players
Game mode
Random Map
Map size
Tiny (2 player)
Population
200
Speed
Normal
Resources
Standard
Victory
Conquest
Starting age
Dark Age
Ending age
Imperial Age
RankedLock teamsTeams togetherTeam positionsShared explorationLock speedFull tech treeHidden civsTurbo modeCheats
Victory
Defeat
🇻🇪 Vietnamese · Venezuela
1233
+16
🇦🇺 Varangians · Australia
1239
-16
Caribe
10:50 Feudal Age
15:08 Castle Age
13:45 Double-Bit Axe
13:43 Horse Collar
14:49 Loom
17:09 Bow Saw
17:01 Heavy Plow
18:06 Fletching
19:38 Padded Archer Armor
20:10 Town Watch
21:22 Bodkin Arrow
26:44 Wheelbarrow
26:30 Leather Archer Armor
29:16 Imperial Age
_WinD_
10:43 Feudal Age
14:56 Castle Age
14:37 Bloodlines
15:11 Forging
19:01 Scale Barding Armor
19:03 Loom
21:47 Double-Bit Axe
25:41 Chain Barding Armor
27:06 Husbandry
Connection lost

Rejoining the realm…

Still unreachable

The connection could not be restored.

Session expired

The server has moved on; the page needs a fresh start.